 Dungeon Sprint DCSS version 0.17-a0-1667-g4ca74a1 (webtiles) character file.

49 Kidiri the Sneak (level 3, -1/16 HPs)
             Began as a Spriggan Enchanter on Aug 17, 2015.
             Was an Initiate of Okawaru.
             Slain by an orc wizard
             ... wielding a +0 dagger
              (2 damage)
             ... in the Dungeon (Sprint VII: "The Pits").
             The game lasted 00:06:26 (405 turns).

Kidiri the Sneak (Spriggan Enchanter)                Turns: 405, Time: 00:06:26

Health: -1/16      AC:  3    Str:  4    XL:     3   Next: 51%
Magic:  5/10       EV: 21    Int: 16    God:    Okawaru [......]
Gold:   0          SH:  0    Dex: 17    Spells: 2 memorised, 8 levels left

rFire  . . .     SeeInvis +     a - +2 dagger
rCold  . . .     Clarity  .     b - +1 robe
rNeg   . . .     SustAt   .     (shield restricted)
rPois  .         Gourm    .     (helmet restricted)
rElec  .         Spirit   .     (no cloak)
rCorr  .         Warding  .     (gloves unavailable)
rMut   .         NoTele   +     (boots unavailable)
MR     .....                    (no amulet)
Stlth  ++++......               (no ring)
                                (no ring)

@: very quick, not resistant to hostile enchantments, stealthy
A: unfitting armour, see invisible, herbivore 3, speed 3, slow metabolism 2
a: Renounce Religion


You were in the Dungeon.
You worshipped Okawaru.
Okawaru was noncommittal.
You were not hungry.

You visited 1 branch

Inventory:

Hand weapons
 a - a +2 dagger (weapon)
Armour
 b - a +1 robe (worn)
Scrolls
 j - a scroll of blinking
 m - 3 scrolls of remove curse
 n - 5 scrolls of amnesia
 o - a scroll of summoning
Potions
 g - a potion of haste
 h - 3 potions of magic
 i - 3 potions of berserk rage
 l - 2 potions of invisibility
Books
 c - a book of Maledictions

   Spells                             Type                      Level
   a - Corona                         Hexes                        1
   b - Ensorcelled Hibernation        Hexes/Ice                    2
   c - Confuse                        Hexes                        3
   d - Tukima's Dance                 Hexes                        3
   e - Dazzling Spray                 Conjuration/Hexes            3
Comestibles
 d - 8 bread rations
 k - 40 fruits


   Skills:
 + Level 2.4 Short Blades
 * Level 5.5 Dodging
 * Level 6.7 Stealth
 * Level 4.8 Spellcasting
 + Level 4.9 Hexes
 + Level 1.1 Ice Magic


You had 8 spell levels left.
You knew the following spells:

 Your Spells              Type           Power        Failure   Level  Hunger
a - Corona                Hex            ###....      1%          1    None
b - Ensorcelled Hibernat  Hex/Ice        ##....       10%         2    ##.....


Dungeon Overview and Level Annotations

Branches:
Dungeon (1/1)

Altars:
Ashenzari
Cheibriados
Dithmenos
Elyvilon
Fedhas
Gozag
Kikubaaqudgha
Makhleb
Nemelex Xobeh
Okawaru
Qazlal
Ru
Sif Muna
Trog
Vehumet
Xom
Yredelemnul
Zin
The Shining One
Beogh
Jiyva
Lugonu


Innate Abilities, Weirdness & Mutations

You are tiny and cannot use many weapons and most armour.
You have supernaturally acute eyesight.
You are a herbivore.
You cover ground extremely quickly.
You need consume almost no food.


Message History

Press: ? - help, Shift-Dir - straight line, f/p - orc wizard
Aim: an orc wizard, wielding a dagger and wearing a robe (moderately wounded, chance to defeat MR: 44%)
The orc wizard resists with some effort.
The orc wizard hits you with a dagger.
* * * LOW HITPOINT WARNING * * *
You miss the orc wizard.
The orc wizard is moderately wounded.
The orc wizard closely misses you.
You hit the orc wizard.
The orc wizard is heavily wounded.
The orc wizard misses you.
You hit the orc wizard.
The orc wizard is severely wounded.
The orc wizard barely misses you.
You hit the orc wizard.
The orc wizard is severely wounded.
You hit the orc wizard.
The orc wizard is severely wounded.
The orc wizard hits you with a dagger.
You die...

############ #__________#
#__________#
#.#####+##############++######
#_#)))+.+%.##................#
#_#)))#.#?(##......#..#......#
#######+#####................+
#...........o@...............+
#+#####'#####......#..#......#
#..#..# #................#
#..)%.# ####+#####++######
#..#### #.......# #..#oo#
#.......# #.J#GG# #.......#
##o#o.#+###...<...#
#.)†)....##.......#


You could see an orc wizard.

Vanquished Creatures
  An orc wizard (D)
  An ooze (D)
  An adder skeleton (D)
  A giant gecko (D)
  2 orcs (D)
  A giant cockroach (D)
  A kobold (D)
  A bat (D)
  A giant newt (D)
10 creatures vanquished.

Notes
Turn   | Place    | Note
--------------------------------------------------------------
     0 | D        | Kidiri the Spriggan Enchanter began the quest for the Orb.
     0 | D        | Reached XP level 1. HP: 9/9 MP: 5/5
    40 | D        | Reached skill level 5 in Stealth
    53 | D        | Found a sacrificial altar of Ru.
    53 | D        | Found a basalt altar of Yredelemnul.
    53 | D        | Found a shadowy altar of Dithmenos.
    53 | D        | Found a deep blue altar of Sif Muna.
    53 | D        | Found a burning altar of Makhleb.
    53 | D        | Found a shimmering altar of Xom.
    53 | D        | Found an ancient bone altar of Kikubaaqudgha.
    53 | D        | Found a sparkling altar of Nemelex Xobeh.
    54 | D        | Found a glowing golden altar of the Shining One.
    54 | D        | Found a bloodstained altar of Trog.
    54 | D        | Found a shattered altar of Ashenzari.
    54 | D        | Found a white marble altar of Elyvilon.
    54 | D        | Found a snail-covered altar of Cheibriados.
    54 | D        | Found a blossoming altar of Fedhas.
    54 | D        | Found a radiant altar of Vehumet.
    54 | D        | Found a glowing silver altar of Zin.
    54 | D        | Found a corrupted altar of Lugonu.
    54 | D        | Found a viscous altar of Jiyva.
    54 | D        | Found a roughly hewn altar of Beogh.
    54 | D        | Found an iron altar of Okawaru.
    60 | D        | Found a stormy altar of Qazlal.
    61 | D        | Found an opulent altar of Gozag.
    63 | D        | Became a worshipper of Warmaster Okawaru
   148 | D        | Reached XP level 2. HP: 10/13 MP: 5/7
   172 | D        | Learned a level 2 spell: Ensorcelled Hibernation
   356 | D        | Noticed an orc wizard
   357 | D        | Noticed an orc priest
   357 | D        | Noticed an orc wizard
   358 | D        | Killed an orc wizard
   358 | D        | Reached skill level 5 in Dodging
   358 | D        | Reached skill level 6 in Stealth
   358 | D        | Reached skill level 1 in Ice Magic
   358 | D        | Reached XP level 3. HP: 16/16 MP: 8/10
   405 | D        | Slain by an orc wizard

Vault maps used:
D:        pitsprint

Action                   || total
-------------------------++-------
Melee: Dagger            ||    28
 Cast: Ensorcelled Hiber ||     9
  Use: Potion            ||     3
 Stab: Sleeping          ||     7
